 Dungeon Crawl Stone Soup version 0.28.0-53-g5a82cb258f (webtiles) character file.

Game seed: 16156220123470118067

66 Cykl0x the Digger (level 4, -2/24 HPs)
             Began as a Gargoyle Earth Elementalist on May 31, 2022.
             Slain by Crazy Yiuf
             ... wielding a +2 quarterstaff of chaos
              (8 damage)
             ... on level 2 of the Dungeon.
             The game lasted 00:04:26 (2158 turns).

Cykl0x the Digger (Gargoyle Earth Elementalist)     Turns: 2158, Time: 00:04:27

Health: -2/24      AC:  5    Str: 11    XL:     4   Next: 15%
Magic:  5/8        EV: 12    Int: 18    God:
Gold:   72         SH:  0    Dex: 15    Spells: 4/8 levels left

rFire   . . .      SeeInvis .   i - +5 mace "Zeucs" {venom, Dex+5}
rCold   . . .      Faith    .   (no shield)
rNeg    + . .      Spirit   .   b - +0 robe
rPois   ∞          Reflect  .   (no helmet)
rElec   +          Harm     .   (no cloak)
rCorr   .          Rampage  .   (no gloves)
Will    .....                   (no boots)
Stlth   ++........              (no amulet)
HPRegen 0.08/turn               (no ring)
MPRegen 0.11/turn               (no ring)

@: very slightly contaminated
A: sickness immunity, AC +3, negative energy resistance 1, electricity
resistance, torment resistance 1, petrification resistance
a: no special abilities


You were on level 2 of the Dungeon.
You visited 1 branch of the dungeon, and saw 2 of its levels.

You collected 72 gold pieces.

Inventory:

Hand Weapons
 e - a +0 whip
 h - the +7 mace of Doubt {freeze, Fly Str-3 SInv}
   (You found it on level 2 of the Dungeon)

   It freezes those it strikes, dealing additional cold damage.
   It can also slow down cold-blooded creatures.
   Str:       It affects your strength (-3).
   SInv:      It lets you see invisible.
   Fly:       It grants you flight.
 i - the +5 mace "Zeucs" (weapon) {venom, Dex+5}
   (You found it on level 2 of the Dungeon)

   It poisons the flesh of those it strikes.
   Dex:       It affects your dexterity (+5).
Missiles
 g - 28 stones
Armour
 b - a +0 robe (worn)
Scrolls
 a - a scroll of teleportation {unknown}
 c - a scroll of enchant weapon {unknown}
 f - a scroll of immolation
Potions
 d - 2 potions of lignification {unknown}


   Skills:
 + Level 0.1 Fighting
 + Level 1.5 Dodging
 - Level 2.8 Stealth
 + Level 2.8 Spellcasting
 * Level 1.5 Conjurations
 - Level 0.7 Transmutations
 + Level 4.3 Earth Magic


You had 4 spell levels left.
You knew the following spells:

 Your Spells              Type           Power      Damage    Failure   Level
a - Sandblast             Erth           36%        2d10      2%          1
b - Stone Arrow           Conj/Erth      26%        3d8       16%         3

Your spell library contained the following spells:

 Spells                   Type           Power      Damage    Failure   Level
 Passwall                 Tmut/Erth      9%         N/A       9%          2
 Petrify                  Tmut/Erth      11%        N/A       50%         4


Dungeon Overview and Level Annotations

Branches:
Dungeon (2/15)

Altars:

Annotations:
D:2 Crazy Yiuf


Innate Abilities, Weirdness & Mutations

You are immune to sickness and miasma.
Your stone body is resilient. (AC +3)
You are immune to poison.
You resist negative energy. (rN+)
You are resistant to electric shocks. (rElec)
You are resistant to unholy torment.
You are immune to petrification.


Message History

You kill the goblin!
Unknown command.
You see here a +0 club.
Found a mace.
Found a pitted mace and a fine mace.
You see here the +5 mace "Zeucs" {venom, Dex+5}.
Found six maces and a warped mace.
Found a runed translucent door.
You see here the +7 mace of Doubt {freeze, Fly Str-3 SInv}.
h - the +7 mace of Doubt {freeze, Fly Str-3 SInv} You see here the +5 mace "Zeucs" {venom, Dex+5}.
i - the +5 mace "Zeucs" {venom, Dex+5}
Found a mace.
You see here a +0 mace.
You feel agile.
The +5 mace "Zeucs" {venom, Dex+5} begins to drip with poison!
i - the +5 mace "Zeucs" (weapon)
{venom, Dex+5} You see here a +0 mace.
Found two maces and a runed mace.
Crazy Yiuf yells, "Blight alas arm!"
You see here a +0 mace.
You open the door.
Crazy Yiuf yells, "Mama light King!"
You hit Crazy Yiuf.
Crazy Yiuf is poisoned.
Crazy Yiuf is lightly wounded.
Crazy Yiuf hits you with a +2 quarterstaff of chaos.
Crazy Yiuf freezes you.
Crazy Yiuf hits you with a +2 quarterstaff of chaos!
Crazy Yiuf burns you.
* * * LOW HITPOINT WARNING * * *
Casting: Stone Arrow (quite dangerous; 16% risk of failure)
Confirm with . or Enter, or press ? or * to list all spells.
The spell is quite dangerous to miscast (16% risk of failure)!
Continue anyway?
Aiming: Stone Arrow (quite dangerous; 16% risk of failure)
Press: ? - help, Shift-Dir - straight line, f - Crazy Yiuf
Aim: Crazy Yiuf, wielding a +2 quarterstaff of chaos and wearing a +1 cloak (lightly wounded, very poisoned, 72% to hit)
You miscast Stone Arrow.
You are very lightly contaminated with residual magic.
Nothing appears to happen.
Crazy Yiuf hits you with a +2 quarterstaff of chaos!
You die...

##..#####...........
#....# #...........
♣....♣ #...........
♣)..♣♣ #...........
♣♣.♣♣ ###.........
♣.♣♣ ###....... ♣♣)♣
##....... ♣)♣♣
#........ ♣♣@♣
#........ #g#
#........ )))
#........ #)))#
#†......> #).)#
##....... #####
##...... ##.#### #.#
# ###.# #


You could see Crazy Yiuf (very poisoned).

Vanquished Creatures
  An adder (D:1)
  2 worms
  A dart slug (D:2)
  3 ball pythons
  5 bats
  7 endoplasms
  5 goblins
  5 hobgoblins
  4 quokkas (D:1)
  4 frilled lizards
  5 kobolds
  3 rats
45 creatures vanquished.

Notes
Turn   | Place    | Note
-------+----------+-------------------------------------------
     0 | D:1      | Cykl0x the Gargoyle Earth Elementalist began the quest for
                  | the Orb.
     0 | D:1      | Reached XP level 1. HP: 10/10 MP: 3/3
   280 | D:1      | Found a faded altar of an unknown god.
   326 | D:1      | Reached XP level 2. HP: 15/15 MP: 3/5
   606 | D:1      | Reached skill level 4 in Earth Magic
   797 | D:1      | Reached XP level 3. HP: 19/19 MP: 4/6
   802 | D:1      | Learned a level 3 spell: Stone Arrow
   905 | D:1      | Reached skill level 1 in Conjurations
  1674 | D:2      | Reached XP level 4. HP: 24/24 MP: 4/8
  2146 | D:2      | Identified the +5 mace "Zeucs" {venom, Dex+5}
  2147 | D:2      | Found a runed translucent door.
  2147 | D:2      | Identified the +7 mace of Doubt {freeze, Fly Str-3 SInv}
  2152 | D:2      | Noticed Crazy Yiuf
  2158 | D:2      | Slain by Crazy Yiuf

Illustrated notes

Levels and vault maps discovered:
D:1:      ncdulo_lavacross, layout_rooms, chequers_ecumenical_altar_grove,
          nicolae_wormholes
D:2:      layout_rooms, uniq_crazy_yiuf_cottage

Skill      XL: |  1  2  3 |
---------------+----------+-----
Earth Magic    | 4 |  4.3
Conjurations   | 1 |  1.5
Fighting       | |  0.1
Dodging        | |  1.5
Stealth        | |  2.8
Spellcasting   | |  2.8
Transmutations | |  0.7

Action                   |  1- 3 |  4- 6 || total
-------------------------+-------+-------++-------
Melee: Whip              |    26 |     4 ||    30
       Mace              |       |     1 ||     1
 Cast: Sandblast         |    51 |       ||    51
       Stone Arrow       |     6 |     8 ||    14
  Use: Scroll            |     2 |       ||     2
Armor: Robe              |    11 |     4 ||    15
Dodge: Dodged            |    26 |     1 ||    27
